 Dungeon Crawl Stone Soup version 0.31.0-11-ge490571c62 (webtiles) character file.

Game seed: 14884405844747140423

36 Bobbunny the Ruffian (level 3, 0/42 HPs)
             Began as a Barachi Shapeshifter on Jan 29, 2024.
             Succumbed to Crazy Yiuf's poison
             ... on level 2 of the Dungeon.
             The game lasted 00:01:56 (1298 turns).

Bobbunny the Ruffian (Barachi Shapeshifter)         Turns: 1298, Time: 00:01:57

Health: 0/42       AC:  8    Str: 17    XL:     3   Next: 37%
Magic:  0/3        EV: 12    Int: 10    God:
Gold:   147        SH:  5    Dex: 11    Spells: 2/2 levels left

rFire   . .          .
                       - Unarmed
rCold   . . .        (no shield)
rNeg    . . .        q - +0 chain mail
rPois   .            (helmet currently unavailable)
rElec   .            (cloak currently unavailable)
rCorr   .            (gloves currently unavailable)
SInv    .            (boots currently unavailable)
Will    .....        p - amulet of reflection Stlth
                     e - +5 ring of evasion
HPRegen 0.27/turn    (no ring)
MPRegen 0.08/turn

%: reflection
@: berserking, lethally poisoned (0 -> -3), beast-form, weak-willed, quick
A: beast (slay +2), amphibious, slowness 1, strong legs 1, +LOS
a: Hop, Begin Untransformation


You were on level 2 of the Dungeon.
You were a hulking beast.
You visited 1 branch of the dungeon, and saw 2 of its levels.

You collected 147 gold pieces.

Inventory:

Missiles
 k - a throwing net
 m - 5 boomerangs
Armour
 q - a +0 chain mail (worn)
 r - a +0 cloak
Jewellery
 e - a +5 ring of evasion (left hand)
 h - a ring of ice
 p - an amulet of reflection (around neck)
Talismans
 c - a beast talisman
 d - a flux talisman
 s - a blade talisman
Scrolls
 f - 3 scrolls of revelation {unknown}
 g - 4 scrolls of identify {unknown}
 i - 2 scrolls of teleportation {unknown}
 o - a scroll of blinking {unknown}
Potions
 a - a potion of berserk rage
 b - a potion of lignification
 j - a potion of might (quivered) {unknown}
 l - a potion of mutation {unknown}
 n - a potion of heal wounds {unknown}


   Skills:
 + Level 2.5 Fighting
 - Level 2.1 Dodging
 + Level 3.8 Unarmed Combat
 + Level 3.7 Shapeshifting


You had 2 spell levels left.
You didn't know any spells.
Your spell library contained the following spells:

 Spells                   Type           Power      Damage    Failure   Level
 Ignite Poison            Fire/Alch      0%         N/A       100%        4
 Sticky Flame             Fire/Alch      0%         2d4       100%        4
 Ignition                 Fire           0%         3d3       100%        8


Dungeon Overview and Level Annotations

Branches:
Dungeon (2/15)

Altars:


Innate Abilities, Weirdness & Mutations

You are a hulking beast.
Your limbs bulge with bestial killing power. (Slay +2)
You are amphibious.
You cover ground slowly.
You can hop short distances.
You have an extended range of vision and can be seen from far away.


Message History

No reachable target in view!
Could not explore, unopened runed door.
No reachable target in view!
No reachable target in view!
You open the door. You closely miss Crazy Yiuf.
Crazy Yiuf hits you with a +4 quarterstaff of chaos!
You feel your power leaking away.
You hit Crazy Yiuf but do no damage. Crazy Yiuf hits you but does no damage.
You are poisoned.
You hit Crazy Yiuf.
Crazy Yiuf is lightly wounded.
You feel sick.
Crazy Yiuf cries, "Ghoul!"
Crazy Yiuf hits you with a +4 quarterstaff of chaos!
* * * LOW HITPOINT WARNING * * *
Your willpower is stripped away!
You hit Crazy Yiuf but do no damage. You punch Crazy Yiuf.
Crazy Yiuf is lightly wounded.
* * * LOW HITPOINT WARNING * * *
You feel sick.
It was a potion of berserk rage.
A red film seems to cover your vision as you go berserk!
You feel yourself moving faster!
You feel mighty!
* * * LOW HITPOINT WARNING * * *
You feel sick. You block Crazy Yiuf's attack.
You closely miss Crazy Yiuf.
Crazy Yiuf is lightly wounded.
* * * LOW HITPOINT WARNING * * *
You feel sick.
Crazy Yiuf yells, "Paint!
Whippet green shoe."
Crazy Yiuf closely misses you.
You punch Crazy Yiuf!
Crazy Yiuf is heavily wounded.
Crazy Yiuf whimpers, "Defame stair sow!"
Crazy Yiuf hits you with a +4 quarterstaff of chaos.
* * * LOW HITPOINT WARNING * * *
You punch Crazy Yiuf!
You kill Crazy Yiuf!
You die...

#......>.....
##...........
#...[.######
##### #.....#
#)..# #.....#
#...# ##.####
... #.# #)#
#.# #h## #.#
##.# #.# #.##
#.# ##.# #.#
##.## #.#
##...# #.#
#....# #.#
#....# #.#
#+..+####.#


There were no monsters in sight!

Vanquished Creatures
  Crazy Yiuf (D:2)
  A dart slug (D:2)
  A ribbon worm (D:2)
  A bat (D:1)
  An endoplasm (D:1)
  2 giant cockroaches
  5 goblins
  3 hobgoblins (D:1)
  4 jackals (D:1)
  A kobold (D:1)
  A quokka (D:1)
  2 ball pythons (D:1)
  2 frilled lizards
  5 rats
30 creatures vanquished.

Notes
Turn   | Place    | Note
-------+----------+-------------------------------------------
     0 | D:1      | Bobbunny the Barachi Shapeshifter began the quest for the
                  | Orb.
     0 | D:1      | Reached XP level 1. HP: 15/15 MP: 1/1
   140 | D:1      | Reached XP level 2. HP: 22/22 MP: 2/2
   497 | D:1      | Reached XP level 3. HP: 27/27 MP: 3/3
   868 | D:2      | Found a runed translucent door.
   869 | D:2      | Noticed Crazy Yiuf
  1297 | D:2      | HP: 1/42 [Crazy Yiuf/+4 quarterstaff of chaos (3)]
  1298 | D:2      | Killed Crazy Yiuf
  1298 | D:2      | Succumbed to Crazy Yiuf's poison

Illustrated notes

Levels and vault maps discovered:
D:1:      lightli_arrival_maybe_door_vault, layout_basic, serial_glass,
          glass_columns_a, glass_columns_b
D:2:      layout_basic, uniq_crazy_yiuf_cottage

Skill      XL: |  1  2 |
---------------+-------+-----
Fighting       | 2 |  2.5
Dodging        | |  2.1
Unarmed Combat | |  3.8
Shapeshifting  | |  3.7

Action                     || total
---------------------------++-------
  Melee: Unarmed           ||    99
         Punch             ||     2
    Use: Potion            ||     1
   Stab: Held in net/web   ||     1
 Armour: Animal skin       ||    26
         Chain mail        ||     6
  Dodge: Dodged            ||    87
  Block: Other             ||     4
         Reflection        ||     1
